 Dungeon Crawl Stone Soup version 0.32-a0-128-g77eb882913 (webtiles) character file.

Game seed: 14201500849442418274

49263 horus123 the End of an Era (level 14, -10/110 HPs)
             Began as a Demonspawn Gladiator on Feb 8, 2024.
             Was the Champion of Qazlal.
             Mangled by an anaconda simulacrum (25 damage)
             ... in an ice cave.
             The game lasted 00:42:27 (14600 turns).

horus123 the End of an Era (Demonspawn Gladiator)  Turns: 14600, Time: 00:42:27

Health: -10/110    AC: 20    Str: 19    XL:     14   Next: 15%
Magic:  25/25      EV: 20    Int:  9    God:    Qazlal [******]
Gold:   916        SH: 12    Dex: 19    Spells: 13/13 levels left

rFire   . . .        O - +5 great sword (drain)
rCold   . . .        (shield currently unavailable)
rNeg    . . .        u - +1 ring mail "Pyfesik" {rElec Will+ Str+4}
rPois   +            (helmet unavailable)
rElec   +            v - +2 cloak
rCorr   .            (no gloves)
SInv    .            A - +2 pair of boots
Will    ++...        r - amulet of the acrobat
Stlth   +            m - ring of poison resistance
HPRegen 0.38/turn    x - +5 ring of evasion
MPRegen 0.38/turn

%: repel missiles, acrobat
@: no status effects
A: horns 3, icy blue scales 2, icemail 1, magic regeneration, condensation
shield
a: Renounce Religion, Upheaval, Elemental Force, Disaster Area


You were in an ice cave.
You worshipped Qazlal.
Qazlal was exalted by your worship.
You visited 2 branches of the dungeon, and saw 15 of its levels.
You also visited: Ice Cave.

You collected 1099 gold pieces.
You spent 183 gold pieces at shops.

Inventory:

Hand Weapons
 K - a +4 scimitar of flaming
 O - a +5 great sword of draining (weapon)
Missiles
 d - 8 throwing nets
 e - a javelin
 f - 12 silver javelins
 n - 3 boomerangs (quivered)
Armour
 u - the +1 ring mail "Pyfesik" (worn) {rElec Will+ Str+4}
   (You found it on level 3 of the Dungeon)

   Str+4:     It affects your strength (+4).
   rElec:     It insulates you from electricity.
   Will+:     It increases your willpower.
 v - a +2 cloak (worn)
 A - a +2 pair of boots (worn)
 Y - the +4 skin of Zhor {*Englaciate rC+++ SInv}
   (You found it in an ice cave)

   *Englaciate: It radiates cold, occasionally slowing all nearby creatures who
   are not resistant to cold.
   rC+++:     It renders you almost immune to cold.
   SInv:      It lets you see invisible.
 Z - +0 ice dragon scales
Jewellery
 b - a +6 ring of intelligence
 m - a ring of poison resistance (left hand)
 r - an amulet of the acrobat (around neck)
 x - a +5 ring of evasion (right hand)
Wands
 a - a wand of polymorph (26)
 s - a wand of iceblast (26)
 B - a wand of flame (39)
 L - a wand of acid (13)
 R - a wand of paralysis (7)
Scrolls
 c - 8 scrolls of teleportation
 g - a scroll of revelation
 j - a scroll of butterflies
 l - 2 scrolls of silence
 o - a scroll of enchant armour
 q - 4 scrolls of vulnerability
 y - a scroll of blinking
 z - 4 scrolls of noise
 C - 3 scrolls of fog
 D - 4 scrolls of poison
 H - 3 scrolls of fear
 N - 2 scrolls of immolation
 X - a scroll of torment {unknown}
Potions
 h - a potion of haste
 k - 7 potions of curing {unknown}
 t - 2 potions of resistance
 w - 3 potions of might {unknown}
 F - 4 potions of mutation {unknown}
 G - 2 potions of enlightenment {unknown}
 I - a potion of heal wounds {unknown}
 S - a potion of experience {unknown}
 U - a potion of ambrosia {unknown}
Miscellaneous
 W - a phantom mirror


   Skills:
 - Level 10.0 Fighting
 + Level 14.1 Long Blades
 - Level 3.8 Throwing
 - Level 4.0 Armour
 - Level 8.0 Dodging
 - Level 15.0 Invocations
 - Level 9.0 Evocations


You had 13 spell levels left.
You didn't know any spells.
Your spell library contained the following spells:

 Spells                   Type           Power      Damage    Failure   Level
 Freeze                   Ice            0%         1d3       56%         1
 Slow                     Hex            0%         N/A       56%         1
 Sting                    Conj/Alch      0%         1d3       56%         1
 Ensorcelled Hibernation  Hex/Ice        0%         N/A       71%         2
 Mercury Vapours          Alch/Air       0%         N/A       71%         2
 Static Discharge         Conj/Air       0%         3-3/arc   71%         2
 Confusing Touch          Hex            0%         N/A       90%         3
 Frozen Ramparts          Ice            0%         1d1       90%         3
 Gell's Gravitas          Tloc           0%         N/A       90%         3
 Hailstorm                Conj/Ice       0%         3d5       90%         3
 Passwall                 Erth           0%         N/A       90%         3
 Sigil of Binding         Hex            0%         N/A       90%         3
 Summon Ice Beast         Ice/Summ       0%         N/A       90%         3
 Swiftness                Air            0%         N/A       90%         3
 Teleport Other           Tloc           0%         N/A       90%         3
 Vampiric Draining        Necr           0%         2d6       90%         3
 Airstrike                Air            0%         2d(0-16)  100%        4
 Olgreb's Toxic Radiance  Alch           0%         N/A       100%        4
 Summon Lightning Spire   Summ/Air       0%         N/A       100%        4
 Summon Mana Viper        Hex/Summ       0%         N/A       100%        5
 Dispersal                Tloc           0%         N/A       100%        6
 Haunt                    Necr/Summ      0%         N/A       100%        7
 Monstrous Menagerie      Summ           0%         N/A       100%        7
 Borgnjor's Revivificati  Necr           0%         N/A       100%        8
 Death's Door             Necr           0%         N/A       100%        9


Dungeon Overview and Level Annotations

Branches:
Dungeon (11/15)            Temple (0/1) D:7            Lair (4/5) D:11
  Swamp (0/4) Lair:2       Spider (0/4) Lair:2          Orc (0/2) D:10
  IceCv (1/1)
  Slime: Lair:4-5

Altars:
Ashenzari
Dithmenos
Fedhas
Hepliaklqana
Qazlal
Sif Muna
Wu Jian

Shops:
D:1 *   D:3 [

Portals:
Trove: D:10 (give +5 demon blade)

Annotations:
D:4 3 runed translucent doors, gosagan's ghost, amateur DgHu


Innate Abilities, Weirdness & Mutations

You have a pair of large horns on your head.
You are mostly covered in icy blue scales. (AC +3)
A meltable icy envelope protects you from harm. (AC +4)
You regenerate magic rapidly.
A meltable shield of frost defends you. (SH +4)


Message History

Qazlal accepts your kill. You block the necromancer's attack.
You slice the necromancer!! Your headbutt misses the necromancer.
The necromancer is severely wounded.
You block the necromancer's attack.
You slash the necromancer!
The necromancer is almost dead.
The necromancer hits you but does no damage.
The cane toad simulacrum closely misses you.
You miss the necromancer. You headbutt the necromancer.
The necromancer is almost dead.
You block the necromancer's attack. The cane toad simulacrum hits you!
The cane toad simulacrum freezes you!
You hit the necromancer.
You kill the necromancer!
Qazlal accepts your kill.
The cane toad simulacrum hits you but does no damage.
You slash the cane toad simulacrum! You headbutt the cane toad simulacrum.
The cane toad simulacrum is severely damaged.
The cane toad simulacrum closely misses you.
You slice the cane toad simulacrum!!
The cane toad simulacrum vaporises!
Qazlal accepts your kill. You block the ice devil's attack.
You carve the ice devil like a ham!!!
The ice devil is almost dead.
The anaconda simulacrum barely misses you.
The anaconda simulacrum bites you! The anaconda simulacrum freezes you!!
The ice devil misses you.
You slice the ice devil!!
You kill the ice devil!
Qazlal accepts your kill.
The anaconda simulacrum completely misses you.
The anaconda simulacrum bites you! The anaconda simulacrum freezes you!!
* * * LOW HITPOINT WARNING * * *
You block the anaconda simulacrum's attack.
The anaconda simulacrum bites you.
* * * LOW HITPOINT WARNING * * *
The anaconda simulacrum freezes you!!
You die...

# ## # ##^.
## #.. #ß
##.. #. ..#
#. #.## #.
##ZZ#
#####ß
#.@##
##..#..
##..#
##...#..
##.##
#..#....
#..##
#..#...#
##..#
#..##.##
##.##
##..###
#..#
######..##
##.## #..#
##..# #..#
#).###..###


You could see an anaconda simulacrum and a wolf simulacrum.

Vanquished Creatures
  Gastronok (Lair:3)
  Harold (Lair:2)
  A hydra (Lair:3)
  Erica (D:9)
  2 two-headed ogres
  A death yak (Lair:2)
  Urug (D:10)
  A pharaoh ant (Lair:2)
  Lodul (D:10)
  Amaemon (Lair:1)
  2 necromancers
  A cyclops (D:11)
  2 manticores (D:11)
  2 black mambas (Lair:3)
  20 elephants
  A molten gargoyle (D:10)
  2 unseen horrors (D:10)
  An orange demon (Lair:1)
  2 torpor snails (Lair:3)
  Maggie (D:8)
  9 cane toads
  A komodo dragon (Lair:1)
  7 kobold demonologists
  A rime drake (Lair:2)
  2 anaconda simulacra (IceCv)
  12 ice devils (IceCv)
  A hornet (Lair:1)
  A troll (D:11)
  A tyrant leech (Lair:2)
  A polar bear (Lair:2)
  A tarantella (Lair:2)
  5 blink frogs (Lair:2)
  4 dream sheep (Lair:3)
  3 slime creatures (D:9)
  7 wyverns
  A dire elephant simulacrum (IceCv)
  55 yaks
  A wraith (D:10)
  A basilisk (Lair:1)
  2 death yak simulacra (IceCv)
  2 steam dragons
  3 harpy simulacra (IceCv)
  3 hydra simulacra (IceCv)
  2 swamp worms (Lair:2)
  13 water moccasins
  Duvessa (D:4)
  2 elephant zombies (Lair:3)
  A sky beast (D:6)
  A black bear (D:4)
  4 orc warriors
  13 ogres
  9 centaurs
  3 wolves (Lair:2)
  A phantom (D:5)
  2 komodo dragon zombies (Lair:3)
  10 bullfrogs
  9 kobold brigands
  4 scorpions
  6 cane toad simulacra
  Dowan (D:4)
  12 wights
  3 elephant simulacra
  12 killer bees
  6 howler monkeys
  4 electric eels (Lair:3)
  4 hounds
  A basilisk zombie (Lair:3)
  4 bombardier beetles
  3 jellies (D:6)
  3 orc priests
  6 iguanas
  A gnoll bouda (D:6)
  Crazy Yiuf (D:3)
  Ijyb (D:3)
  4 orc wizards
  4 hell rats (Lair:3)
  2 polar bear simulacra (IceCv)
  A troll simulacrum (IceCv)
  7 wolf simulacra
  11 adders
  6 gnolls
  2 naga simulacra (IceCv)
  5 white imps
  2 ufetubi (D:5)
  2 ribbon worms
  3 dart slugs
  33 orcs
  3 bats
  8 endoplasms
  4 giant cockroaches
  9 goblins
  7 hobgoblins
  6 jackals
  6 quokkas
  10 ball pythons
  23 kobolds
  10 rats
480 creatures vanquished.

Notes
Turn   | Place    | Note
-------+----------+-------------------------------------------
     0 | D:1      | horus123 the Demonspawn Gladiator began the quest for the
                  | Orb.
     0 | D:1      | Reached XP level 1. HP: 16/16 MP: 1/1
   173 | D:1      | Gained mutation: A meltable shield of frost defends you.
                  | (SH +4) [demonic ancestry]
   173 | D:1      | Reached XP level 2. HP: 19/23 MP: 2/2
   634 | D:1      | Found Nawaph's General Store.
   712 | D:1      | Gained mutation: You are partially covered in icy blue
                  | scales. (AC +2) [demonic ancestry]
   712 | D:1      | Reached XP level 3. HP: 28/29 MP: 3/3
   921 | D:1      | Found a shimmering blue altar of Sif Muna.
  1292 | D:2      | Reached skill level 1 in Armour
  1308 | D:2      | Gained mutation: You have a pair of small horns on your
                  | head. [demonic ancestry]
  1308 | D:2      | Reached XP level 4. HP: 37/37 MP: 4/4
  1921 | D:3      | Found a broken altar of Ashenzari.
  1936 | D:3      | Noticed Ijyb
  1958 | D:3      | Killed Ijyb
  1981 | D:3      | Found Veihaung's Antique Armour Emporium.
  2067 | D:3      | Gained mutation: You have a pair of horns on your head.
                  | [demonic ancestry]
  2067 | D:3      | Reached XP level 5. HP: 28/42 MP: 5/5
  2309 | D:3      | Identified the +1 ring mail "Pyfesik" {rElec Will+ Str+4}
  2509 | D:1      | Bought a +2 long sword of freezing for 183 gold pieces
  2708 | D:3      | Found a runed translucent door.
  2709 | D:3      | Noticed Crazy Yiuf
  2715 | D:3      | Killed Crazy Yiuf
  3063 | D:4      | Gained mutation: You are mostly covered in icy blue scales.
                  | (AC +3) [demonic ancestry]
  3063 | D:4      | Reached XP level 6. HP: 47/48 MP: 6/6
  3240 | D:4      | Found a shadowy altar of Dithmenos.
  3241 | D:4      | Found a stormy altar of Qazlal.
  3275 | D:4      | Noticed Duvessa
  3275 | D:4      | Noticed Dowan
  3289 | D:4      | Killed Duvessa
  3291 | D:4      | Killed Dowan
  3292 | D:4      | Reached skill level 5 in Long Blades
  3292 | D:4      | Reached XP level 7. HP: 41/54 MP: 7/7
  3726 | D:4      | Found a runed translucent gate.
  3726 | D:4      | Noticed gosagan's ghost (amateur DgHu)
  3727 | D:4      | Found a runed translucent gate.
  3727 | D:4      | Identified the +0 chain mail of Supple Strength {rElec
                  | Str+4}
  3728 | D:4      | Found a runed translucent gate.
  3797 | D:5      | Entered Level 5 of the Dungeon
  3855 | D:4      | Became a worshipper of Qazlal Stormbringer
  4371 | D:5      | Reached skill level 1 in Invocations
  4371 | D:5      | Reached XP level 8. HP: 60/60 MP: 7/9
  4388 | D:5      | Reached skill level 3 in Invocations
  4594 | D:5      | Reached skill level 4 in Invocations
  4600 | D:5      | Reached * piety under Qazlal
  4602 | D:5      | Reached skill level 5 in Invocations
  4649 | D:5      | Reached skill level 6 in Invocations
  4945 | D:6      | Reached skill level 7 in Invocations
  5122 | D:6      | Reached skill level 8 in Invocations
  5161 | D:6      | Reached skill level 9 in Invocations
  5439 | D:6      | Gained mutation: You have a pair of large horns on your
                  | head. [demonic ancestry]
  5439 | D:6      | Reached XP level 9. HP: 58/67 MP: 15/15
  5442 | D:6      | Reached skill level 5 in Fighting
  5815 | D:7      | Found a shimmering blue altar of Sif Muna.
  5835 | D:7      | Reached ** piety under Qazlal
  5977 | D:7      | Found a staircase to the Ecumenical Temple.
  7219 | D:8      | Reached XP level 10. HP: 68/84 MP: 16/16
  7342 | D:8      | Noticed Maggie
  7356 | D:8      | Killed Maggie
  7357 | D:8      | Reached skill level 10 in Fighting
  7756 | D:9      | Noticed a two-headed ogre
  7766 | D:9      | Killed a two-headed ogre
  7942 | D:9      | Noticed Erica
  7955 | D:9      | Killed Erica
  8258 | D:8      | Found the +4 consecrated labrys {holy, Valiant ^Fragile Fly
                  | SInv}
  8338 | D:8      | Noticed a two-headed ogre
  8345 | D:8      | Killed a two-headed ogre
  8346 | D:8      | Reached skill level 10 in Long Blades
  8657 | D:9      | Reached *** piety under Qazlal
  8658 | D:9      | Gained mutation: A meltable icy envelope protects you from
                  | harm. (AC +4) [demonic ancestry]
  8658 | D:9      | Reached XP level 11. HP: 79/90 MP: 17/17
  9342 | D:10     | Entered Level 10 of the Dungeon
  9434 | D:10     | Found a portal to a secret trove of treasure.
  9519 | D:10     | Found a staircase to the Orcish Mines.
  9651 | D:10     | Noticed Urug
  9660 | D:10     | Killed Urug
  9661 | D:10     | Found a blossoming altar of Fedhas.
  9828 | D:10     | Found an ornate altar of the Wu Jian Council.
  9829 | D:10     | Noticed Lodul
  9839 | D:10     | Killed Lodul
 10010 | D:10     | Paralysed by a kobold brigand for 2 turns
 10062 | D:10     | Found a hazy altar of Hepliaklqana.
 10063 | D:10     | Found a faded altar of an unknown god.
 10149 | D:11     | Noticed a sun demon
 10153 | D:11     | Noticed a sun demon
 10478 | D:10     | Reached **** piety under Qazlal
 10657 | D:11     | Reached XP level 12. HP: 97/97 MP: 18/18
 10702 | D:11     | Found a staircase to the Lair.
 10773 | D:11     | Reached skill level 5 in Dodging
 11144 | Lair:1   | Entered Level 1 of the Lair of Beasts
 11483 | Lair:1   | Reached ***** piety under Qazlal
 11605 | Lair:1   | Noticed Amaemon
 11612 | Lair:1   | Killed Amaemon
 11613 | Lair:1   | Reached skill level 10 in Invocations
 11676 | Lair:1   | Reached skill level 11 in Invocations
 12014 | Lair:2   | Found a hole to the Spider Nest.
 12040 | Lair:2   | Reached skill level 12 in Invocations
 12316 | Lair:2   | Reached XP level 13. HP: 82/103 MP: 22/22
 12378 | Lair:2   | Noticed Harold
 12390 | Lair:2   | Killed Harold
 12391 | Lair:2   | Reached skill level 13 in Invocations
 12682 | Lair:2   | Reached skill level 14 in Invocations
 13306 | Lair:2   | Found a staircase to the Swamp.
 13439 | Lair:3   | Reached skill level 15 in Invocations
 13446 | Lair:3   | Reached skill level 1 in Evocations
 13484 | Lair:3   | Noticed Gastronok
 13512 | Lair:3   | Killed Gastronok
 13612 | Lair:3   | Reached skill level 5 in Evocations
 13985 | Lair:3   | Found a frozen archway.
 14000 | IceCv    | Entered an ice cave
 14252 | IceCv    | Gained mutation: You regenerate magic rapidly. [demonic
                  | ancestry]
 14252 | IceCv    | Reached XP level 14. HP: 110/110 MP: 25/25
 14284 | IceCv    | Found the +4 skin of Zhor {*Englaciate rC+++ SInv}
 14385 | IceCv    | Reached ****** piety under Qazlal
 14476 | IceCv    | Found an ancient bone altar of Kikubaaqudgha.
 14600 | IceCv    | Mangled by an anaconda simulacrum

Illustrated notes

Levels and vault maps discovered:
D:1:      dpeg_arrival_lava_altar, layout_loops_ring, serial_shops, shop
D:2:      layout_loops_ring
D:3:      layout_loops_ring, nicolae_ashenzari_skybound, serial_shops,
          nicolae_shop_tiny_statue_garden, minmay_unequal, uniq_ijyb,
          uniq_crazy_yiuf_cottage
D:4:      minmay_inner_zag, layout_basic, mainiacjoe_overflow_tiny_flanked,
          mainiacjoe_overflow_divided_tiny, serial_forest,
          infiniplex_forest_end_2, infiniplex_forest_straight_5,
          infiniplex_forest_fountain, infiniplex_forest_lined_3_way,
          infiniplex_forest_clump_tiny, biasface_ghost_orc_armoury,
          kennysheep_small_square, uniq_duvessa
D:5:      minmay_skewed_foursquare, layout_rooms, nicolae_half_adder
D:6:      layout_cave_pools, minmay_fractal_squares_5
D:7:      layout_basic, nicolae_sif_muna_condensation,
          minmay_temple_entry_mini_moons
D:8:      layout_basic, uniq_maggie
D:9:      layout_basic, uniq_erica
D:10:     layout_rooms, beargit_hepliaklqana_dungeon_heroes,
          nicolae_wu_jian_immortal_techniques, fedhas_ov_isle_minmay,
          orc_0_dummy, enter_trove_1, grunt_decor_arrowhead, minmay_door_square,
          nrook_campfire, grunt_ministairs_15, uniq_urug, uniq_lodul
D:11:     nicolae_whirlpool, layout_cave_pools, minmay_lair_entry_grove
Lair:1:   layout_roguey, uniq_amaemon
Lair:2:   layout_long_grid, minmay_swamp_entry_worms,
          nicolae_spider_entry_lesser_pyramids, nicolae_volcano_entry_lava_flow,
          chequers_serial_rivers_micro_e, hibernation_bobbens,
          lemuel_fruit_fields, uniq_harold
Lair:3:   pond_and_an_island_with_a_cottage, layout_misc_corridors,
          serial_forest, infiniplex_forest_clump_long,
          infiniplex_forest_lined_corner, infiniplex_forest_lined_2,
          infiniplex_forest_clump_medium, infiniplex_forest_zigzag_1,
          infiniplex_forest_clump_double, infiniplex_forest_straight_3,
          portal_ice_cave_entry_ice_simulacra, lemuel_fruit_tree,
          serial_bayou_shore_b, uniq_gastronok
Lair:4:   layout_regular_city, grunt_megastairs_4
IceCv:    ice_cave_small_necro

Skill      XL: |  1  2  3  4  5  6  7  8  9 10 11 12 13 14 |
---------------+-------------------------------------------+-----
Fighting       | 3 4 9 10 | 10.0
Armour         | 1 2 4 |  4.0
Long Blades    | 3 5 7 10 14 | 14.1
Invocations    | 1 9 12 15 | 15.0
Dodging        | 3 8 |  8.0
Evocations     | 8 9 |  9.0
Throwing       | 3 |  3.8

Action                     |  1- 3 |  4- 6 |  7- 9 | 10-12 | 13-15 || total
---------------------------+-------+-------+-------+-------+-------++-------
  Melee: Long sword        |   114 |   140 |   269 |       |       ||   523
         Punch             |     5 |     6 |    22 |    28 |       ||    61
         Headbutt          |       |    23 |    52 |   120 |   120 ||   315
         Scimitar          |       |       |    48 |   479 |   346 ||   873
         Great sword       |       |       |     1 |    21 |    21 ||    43
  Throw: Boomerang         |     5 |       |     7 |     3 |       ||    15
 Invoke: Upheaval          |       |       |       |     1 |     2 ||     3
         Disaster Area     |       |       |       |       |     1 ||     1
    Use: Scroll            |     4 |     1 |     1 |    13 |     7 ||    26
         Potion            |       |       |     1 |       |       ||     1
   Stab: Sleeping          |       |     1 |       |       |       ||     1
 Armour: Leather armour    |    16 |       |       |       |       ||    16
         Scale mail        |    48 |    55 |       |       |       ||   103
         Ring mail         |       |    35 |   195 |   253 |   111 ||   594
  Dodge: Dodged            |    65 |    82 |   382 |   454 |   205 ||  1188
         Repelled          |       |       |       |     2 |     2 ||     4
  Block: Other             |    19 |    16 |   100 |   119 |     8 ||   262
         Buckler           |       |       |       |   122 |   219 ||   341

Table legend: (Time is in decaauts)
 A = Elapsed time spent in this place.
 B = Non-inter-level travel time spent in this place.
 C = Inter-level travel time spent in this place.
 D = Time resting spent in this place.
 E = Time spent auto-exploring this place.
 F = Levels seen in this place.
 G = Mean time per level.
                   A        B        C        D        E       F      G
               +--------+--------+--------+--------+--------+-----+--------+
         Total |  14519 |  13899 |    620 |   1159 |   9531 |  16 |  907.4 |
       Dungeon |  11183 |  10583 |    600 |    996 |   7315 |  11 | 1016.6 |
          Lair |   2761 |   2741 |     20 |      0 |   1978 |   4 |  690.2 |
      Ice Cave |    574 |    574 |      0 |    163 |    238 |   1 |  574.0 |
               +--------+--------+--------+--------+--------+-----+--------+

Top non-repeatable levels by time:
  Lair:2: 1384 daAuts
     D:8: 1340 daAuts
     D:9: 1330 daAuts
    D:10: 1214 daAuts
     D:4: 1202 daAuts
     D:1: 1021 daAuts
     D:6: 927 daAuts
     D:3: 922 daAuts
     D:5: 898 daAuts
     D:7: 898 daAuts
     D:2: 880 daAuts
  Lair:1: 835 daAuts
   IceCv: 574 daAuts
    D:11: 547 daAuts
  Lair:3: 539 daAuts
